 Dungeon Crawl Stone Soup version bcrawl-1.21.3 (webtiles) character file.

Game seed: 11723609828175988727

569 Freyura the Shield-Bearer (level 7, -5/44 HPs)
             Began as a Gargoyle Fighter on Mar 30, 2020.
             Killed from afar by an orc wizard (7 damage)
             ... with a puff of frost
             ... on level 5 of the Dungeon.
             The game lasted 00:09:18 (3391 turns).

Freyura the Shield-Bearer (Gargoyle Fighter)        Turns: 3391, Time: 00:09:19

Health: -5/44      AC: 14    Str: 24    XL:     7   Next: 33%
Magic:  7/7        EV:  9    Int: 13    God:
Gold:   361        SH: 10    Dex: 11    Spells: 6/6 levels left

rFire    . . .     SeeInvis .   a - +0 flail
rCold    . . .     Gourm    .   c - +0 medium shield
rNeg     + . .     Faith    .   b - +0 scale mail
rPois    ∞         Spirit   .   (no helmet)
rElec    +         Reflect  .   y - +0 cloak
rCorr    .         Harm     .   (no gloves)
MR       .....                  u - +0 pair of boots
Stlth    ..........             (no amulet)
HPRegen  0.14/turn              f - +4 ring of intelligence
MPRegen  0.10/turn              (no ring)

@: mighty
A: negative energy resistance 1, electricity resistance, unbreathing,
petrification resistance, rot immunity, AC +4
a: no special abilities


You were on level 5 of the Dungeon.
You were hungry.

You visited 1 branch of the dungeon, and saw 5 of its levels.

You collected 361 gold pieces.

Inventory:

Hand Weapons
 a - a +0 flail (weapon)
Armour
 b - a +0 scale mail (worn)
 c - a +0 medium shield (worn)
 q - a scarf of resistance
 u - a +0 pair of boots (worn)
 y - a +0 cloak (worn)
Jewellery
 f - a +4 ring of intelligence (left hand)
 v - an uncursed ring of insulation {unknown}
Wands
 p - a wand of iceblast (10)
 x - a wand of digging (9)
Scrolls
 h - 3 scrolls of remove curse
 j - 4 scrolls of identify {unknown}
 k - 3 scrolls of enchant weapon {unknown}
 n - 2 scrolls of blinking {unknown}
 o - a scroll of magic mapping {unknown}
 r - a scroll of fog {unknown}
 t - 2 scrolls of enchant armour {unknown}
 z - a scroll of teleportation
 A - a scroll of immolation {unknown}
Potions
 g - 2 potions of berserk rage {unknown}
 i - a potion of lignification {unknown}
 l - 2 potions of brilliance {unknown}
 m - a potion of mutation {unknown}
 s - a potion of cancellation {unknown}
 w - a potion of haste {unknown}
Comestibles
 e - 6 rations {!d}


   Skills:
 + Level 4.7 Fighting
 * Level 4.7 Maces & Flails
 + Level 4.7 Armour
 + Level 2.1 Dodging
 + Level 4.7 Shields


You had 6 spell levels left.
You didn't know any spells.
Your spell library was empty.

Dungeon Overview and Level Annotations

Branches:
Dungeon (5/12)
 Temple: D:4-7

Altars:
Cheibriados
Nemelex Xobeh
Yredelemnul
Zin

Shops:
D:4 =


Innate Abilities, Weirdness & Mutations

You are resistant to torment.
Your stone body is resilient. (AC +4)
You are immune to poison.
You resist negative energy. (rN+)
You are resistant to electric shocks. (rElec)
You can survive without breathing.
You are immune to petrification.
You are immune to rotting.


Message History

Something hits you but does no damage.
The orc throws a tomahawk.
The orc priest hits you but does no damage.
You miss something.
The orc throws a tomahawk.
The tomahawk hits you but does no damage.
Something hits you but does no damage. You block the orc priest's attack.
You closely miss something. Something hits you but does no damage.
The orc throws a tomahawk.
You block the tomahawk.
The orc priest hits you but does no damage.
Something hits you but does no damage.
You closely miss something.
You hear some strange, mumbled words.
A puff of frost appears from out of thin air!
The puff of frost hits you.
* * * LOW HITPOINT WARNING * * *
The orc throws a tomahawk.
The tomahawk barely misses you. You block the orc priest's attack.
You hear some strange, mumbled words.
A puff of frost appears from out of thin air!
The puff of frost hits you!
You die...

#. #.# .
#.#
#.#.#######
#.#........
#..........
#<# ## #
#.# !.
#.#.#.####
#..@.....+
#..).o.####
#..o...#
#......#
#......#
#......#
#......#
#......#


You could see an orc priest and an orc.

Vanquished Creatures
  A sky beast (D:4)
  An ogre (D:4)
  2 crimson imps
  A bullfrog skeleton (D:3)
  3 orc wizards
  An iguana (D:4)
  4 adders
  4 gnolls (D:4)
  An ooze (D:1)
  5 worms
  2 dart slugs (D:1)
  5 leopard geckos
  8 orcs
  5 bats
  2 giant cockroaches (D:1)
  7 hobgoblins
  7 jackals (D:3)
  9 kobolds
  4 quokkas
  A ball python (D:1)
  9 frilled lizards
  3 goblins
  8 rats
93 creatures vanquished.

Notes
Turn   | Place    | Note
-------+----------+-------------------------------------------
     0 | D:1      | Freyura the Gargoyle Fighter began the quest for the Orb.
     0 | D:1      | Reached XP level 1. HP: 14/14 MP: 1/1
   135 | D:1      | Reached XP level 2. HP: 19/19 MP: 2/2
   317 | D:1      | Reached XP level 3. HP: 13/23 MP: 3/3
   966 | D:2      | Found a basalt altar of Yredelemnul.
  1106 | D:2      | Found a sparkling altar of Nemelex Xobeh.
  1238 | D:2      | Reached XP level 4. HP: 24/29 MP: 4/4
  1614 | D:2      | Reached skill level 1 in Dodging
  1825 | D:3      | Reached XP level 5. HP: 33/33 MP: 5/5
  2416 | D:4      | Reached XP level 6. HP: 31/38 MP: 6/6
  2775 | D:4      | Noticed a sky beast
  2783 | D:4      | Reached XP level 7. HP: 33/44 MP: 7/7
  3099 | D:4      | Found Doasiowo's Jewellery Shoppe.
  3312 | D:4      | Found a glowing silver altar of Zin.
  3312 | D:4      | Found a snail-covered altar of Cheibriados.
  3380 | D:5      | Entered Level 5 of the Dungeon
  3391 | D:5      | HP: 2/44 [something/puff of frost (6)]
  3391 | D:5      | Killed from afar by an orc wizard

Skill      XL: |  1  2  3  4  5  6 |
---------------+-------------------+-----
Maces & Flails | 3 4 |  4.7
Dodging        | 1 2 |  2.1
Shields        | 4 |  4.7
Armour         | 4 |  4.7
Fighting       | 4 |  4.7

Action                   |  1- 3 |  4- 6 |  7- 9 || total
-------------------------+-------+-------+-------++-------
Melee: Flail             |   165 |   293 |    46 ||   504
  Use: Scroll            |       |     2 |       ||     2
       Potion            |       |     2 |     1 ||     3
  Eat: Ration            |       |     1 |       ||     1
       Chunk             |       |     4 |     1 ||     5
Armor: Scale mail        |   103 |   191 |    49 ||   343
Dodge: Dodged            |    46 |   142 |     8 ||   196
Block: Medium shield     |    98 |   197 |    18 ||   313
